 Dungeon Crawl Stone Soup version 0.20.0-15-g7f486f2 (webtiles) character file.

93 CODWOMAN the Chiller (level 4, -2/30 HPs)
             Began as a Demonspawn Ice Elementalist on June 13, 2017.
             Killed from afar by an orc wizard (8 damage)
             ... with a magic dart
             ... on level 3 of the Dungeon.
             The game lasted 00:14:19 (2678 turns).

CODWOMAN the Chiller (Demonspawn Ice Elementalist)  Turns: 2678, Time: 00:14:20

Health: -2/30      AC:  2    Str:  8    XL:     4   Next: 37%
Magic:  2/8        EV: 13    Int: 17    God:
Gold:   137        SH:  0    Dex: 20    Spells: 8/9 levels left

rFire    + . .     SeeInvis .   f - +1 short sword (speed)
rCold    . . .     Gourm    .   (no shield)
rNeg     . . .     Faith    .   a - +0 robe
rPois    .         Spirit   .   (no helmet)
rElec    .         Reflect  .   (no cloak)
rCorr    .         Harm     .   (no gloves)
MR       +....                  (no boots)
Stlth    ++........             (no amulet)
Regen    0.1/turn               m - ring of protection from magic
MPRegen  0.2/turn               q - +6 ring of dexterity

@: lethally poisoned (-2 -> -4)
A: fire resistance 1
a: no special abilities


You were on level 3 of the Dungeon.
You were not hungry.

You visited 1 branch of the dungeon, and saw 3 of its levels.

You collected 137 gold pieces.

Inventory:

Hand Weapons
 f - a +1 short sword of speed (weapon)
 i - a +0 short sword
 w - a +0 hand crossbow
Missiles
 v - 3 throwing nets (quivered)
Armour
 a - a +0 robe (worn)
 r - a cursed +0 leather armour
Jewellery
 m - a ring of protection from magic (left hand)
 q - a +6 ring of dexterity (right hand)
 u - a +3 ring of strength
Scrolls
 e - a scroll of enchant armour {unknown}
 g - 4 scrolls of identify {unknown}
 k - a scroll of teleportation {unknown}
 l - a scroll of fog {unknown}
 p - a scroll of magic mapping {unknown}
 s - a scroll of amnesia {unknown}
Potions
 n - a potion of brilliance {unknown}
 o - 2 potions of haste {unknown}
 t - a potion of curing {unknown}
 x - 2 potions of cancellation {unknown}
 z - a potion of invisibility {unknown}
 A - a potion of flight {unknown}
Books
 b - a book of Frost

   Spells                             Type                      Level
   a - Freeze                         Ice                          1
   b - Throw Frost                    Conjuration/Ice              2
   c - Ozocubu's Armour               Charms/Ice                   3
   d - Throw Icicle                   Conjuration/Ice              4
   e - Summon Ice Beast               Ice/Summoning                4
 y - a book of Misfortune

   Spells                             Type                      Level
   a - Confusing Touch                Hexes                        1
   b - Confuse                        Hexes                        3
   c - Gell's Gravitas                Translocation                3
   d - Petrify                        Transmutation/Earth          4
   e - Metabolic Englaciation         Hexes/Ice                    5
   f - Yara's Violent Unravelling     Hexes/Transmutation          5
Comestibles
 c - 3 bread rations
 d - 5 meat rations
 h - a royal jelly
 j - 5 fruits
 B - 2 chunks of flesh


   Skills:
 - Level 2.4 Dodging
 - Level 2.2 Stealth
 + Level 3.0 Spellcasting
   Level 1.0 Conjurations
 + Level 3.5 Ice Magic


You had 8 spell levels left.
You knew the following spells:

 Your Spells              Type           Power        Failure   Level  Hunger
a - Freeze                Ice            ##..         4%          1    None


Dungeon Overview and Level Annotations

Branches:
Dungeon (3/15)

Altars:
Okawaru
Qazlal
Uskayaw


Innate Abilities, Weirdness & Mutations

Your flesh is heat resistant. (rF+)


Message History

The orc wizard seems to speed up.
You see here a stone.
You feel sick. The adder closely misses you.
The adder bites you but does no damage.
You feel sick.
The orc wizard mumbles some strange words.
The orc wizard blinks!
The orc wizard hits you but does no damage.
You barely miss the orc wizard.
The orc wizard is moderately wounded.
The adder barely misses you. The orc wizard misses you.
You completely miss the orc wizard.
The orc wizard is moderately wounded.
The orc wizard hits you but does no damage.
The adder closely misses you.
You closely miss the orc wizard.
The orc wizard is moderately wounded.
The orc wizard points at you and mumbles some strange words.
The magic dart hits you!
You die...

....#####.#####........##..######
..................##..##.#.# ##
.....##...........#...#)##.# ##.
.#.#.##.#.####....#.#..###.. #..
.#.#.#<...# ##.........###+####.
..........# ##.###.####≈≈.≈≈≈##
.........## #.# #.###≈≈....≈≈≈
#..#..#.## #o# #.##≈≈.......≈
#..#..#.# #@# #..#≈.........
#..#..#.# #S# #..'....♣♣♣♣♣.
#..#..#.# #K# #.##≈..♣....♣.
...^..#.# #.###..#≈...♣.♣(♣.
##.##.#.### #.o.Ko.#≈≈..♣....♣
##.##.....# ####o.###≈..♣♣♣♣♣.
....####++# #..# #≈≈....... #####
#..# ##≈≈...... #..# ##≈≈≈....


You could see an orc wizard, an adder, an orc and a kobold.

Vanquished Creatures
  2 adders
  An ooze (D:3)
  A worm (D:2)
  4 dart slugs
  4 leopard geckos
  An orc (D:3)
  2 giant cockroaches (D:1)
  3 goblins
  5 hobgoblins
  10 jackals
  6 bats
  5 frilled lizards
  7 kobolds
  2 rats
53 creatures vanquished.

Notes
Turn   | Place    | Note
-------+----------+-------------------------------------------
     0 | D:1      | CODWOMAN the Demonspawn Ice Elementalist began the quest for the Orb.
     0 | D:1      | Reached XP level 1. HP: 13/13 MP: 3/3
   254 | D:1      | Gained mutation: Your flesh is heat resistant. (rF+) [demonic ancestry]
   254 | D:1      | Reached XP level 2. HP: 17/19 MP: 0/5
  1279 | D:2      | Reached XP level 3. HP: 24/24 MP: 6/6
  1904 | D:2      | Found a stormy altar of Qazlal.
  1920 | D:2      | Reached XP level 4. HP: 22/30 MP: 2/8
  2448 | D:3      | Found a hide-covered altar of Uskayaw.
  2486 | D:3      | Found an iron altar of Okawaru.
  2678 | D:3      | Killed from afar by an orc wizard

Skill      XL: |  1  2  3  4 |
---------------+-------------+-----
Ice Magic      | 3 |  3.5
Dodging        | 2 |  2.4
Stealth        | 2 |  2.2
Spellcasting   | 3 |  3.0
Conjurations   | |  1.0

Action                   |  1- 3 |  4- 6 || total
-------------------------+-------+-------++-------
Melee: Unarmed           |    31 |       ||    31
       Short sword       |    91 |    27 ||   118
 Cast: Freeze            |    41 |    21 ||    62
 Stab: Sleeping          |     1 |     1 ||     2
  Eat: Chunk             |     4 |     2 ||     6
Armor: Robe              |    46 |     6 ||    52
Dodge: Dodged            |   129 |    33 ||   162
